 Dungeon Crawl Stone Soup version 0.19-a0-1007-g133f65f (webtiles) character file.

2971093 msp the Conqueror (level 27, 323/323 HPs)
             Began as an Ogre Hunter on July 18, 2016.
             Was the Champion of Lugonu.
             Escaped with the Orb
             ... and 5 runes on July 20, 2016!
             The game lasted 08:00:05 (75988 turns).

msp the Conqueror (Ogre Hunter)                    Turns: 75988, Time: 08:00:06

Health: 323/323    AC: 28    Str: 33    XL:     27
Magic:  37/37      EV: 15    Int:  9    God:    Lugonu [******]
Gold:   1451       SH: 30    Dex: 21    Spells: 8 memorised, 28 levels left

rFire  + + .     SeeInvis .     b - +9 demon whip (distort)
rCold  + + .     Gourm    +     D - +8 gold dragon armour "Ularaq" {rPois rF+ rC+ Str+2}
rNeg   + . .     Faith    .     p - +7 large shield
rPois  +         Spirit   .     m - +2 hat {Int+3}
rElec  +         Dismiss  .     U - +2 cloak
rCorr  .         Reflect  .     (gloves unavailable)
SustAt .         Harm     .     (boots unavailable)
MR     +++..                    N - amulet of Ruunniu {Gourm rElec rN+}
Stlth  ..........               G - ring of Gluttony {EV+4 Int-4 Dex+4}
                                Z - ring of Makhleb's Wrath {+Fly rC+ MR+ Str+4 Slay+5}

@: extremely resistant to hostile enchantments, extremely unstealthy
A: unfitting armour, blurry vision 1, fire resistance 1, tough skin 1, subdued
magic 2
a: Depart the Abyss, Bend Space, Banish, Corrupt, Enter the Abyss, Renounce
Religion, Evoke Flight
0: Orb of Zot
}: 5/15 runes: serpentine, barnacled, slimy, silver, abyssal


You escaped.
You worshipped Lugonu.
Lugonu was exalted by your worship.
You were very full.

You visited 10 branches of the dungeon, and saw 54 of its levels.
You visited the Abyss 3 times.
You also visited: Ossuary and Ice Cave.

You collected 6331 gold pieces.
You spent 4880 gold pieces at shops.

Inventory:

Hand Weapons
 a - a +2 eveningstar of protection
 b - a +9 demon whip of distortion (weapon)
Missiles
 c - 48 large rocks (quivered)
 d - 7 throwing nets
Armour
 m - a +2 hat of intelligence (worn)
 p - a +7 large shield (worn)
 D - the +8 gold dragon armour "Ularaq" (worn) {rPois rF+ rC+ Str+2}
   (You found it on level 5 of the Vaults)

   It affects your strength (+2).
   It protects you from fire.
   It protects you from cold.
   It protects you from poison.
 U - a +2 cloak (worn)
Jewellery
 G - the ring of Gluttony (right hand) {EV+4 Int-4 Dex+4}
   (You took it off a vampire knight on level 3 of the Depths)

   [ring of evasion]

   It affects your evasion (+4).
   It affects your intelligence (-4).
   It affects your dexterity (+4).
 N - the amulet of Ruunniu (around neck) {Gourm rElec rN+}
   (You took it off a frost giant on level 5 of the Vaults)

   [amulet of the gourmand]

   It allows you to eat raw meat even when not hungry.
   It insulates you from electricity.
   It protects you from negative energy.
 Z - the ring of Makhleb's Wrath (left hand) {+Fly rC+ MR+ Str+4 Slay+5}
   (You bought it in a shop on level 2 of the Snake Pit)

   [ring of slaying]

   It affects your strength (+4).
   It affects your accuracy and damage with ranged weapons and melee attacks
   (+5).
   It protects you from cold.
   It affects your resistance to hostile enchantments.
   It lets you fly.
Wands
 e - a wand of disintegration (4/24)
 h - a wand of acid (11/15)
 j - a wand of paralysis (15/24)
 k - a wand of lightning (1/15)
 z - a wand of digging (6/24)
 H - a wand of disintegration (12/24)
 I - a wand of teleportation (4/9)
 K - a wand of teleportation (0/9)
 P - a wand of digging (10/24)
 T - a wand of digging (0/24)
Scrolls
 g - 10 scrolls of fear
 r - 4 scrolls of magic mapping
 s - 3 scrolls of enchant weapon
 u - 5 scrolls of fog
 y - 7 scrolls of identify
 B - 2 scrolls of recharging
 F - 4 scrolls of immolation
 M - 15 scrolls of remove curse
 Q - 4 scrolls of teleportation
 V - 2 scrolls of blinking
 W - 3 scrolls of holy word
Potions
 l - 3 potions of ambrosia
 o - a potion of cure mutation
 q - 2 potions of invisibility
 t - 4 potions of magic
 v - 2 potions of haste
 w - 2 potions of might
 x - 5 potions of resistance
 A - 6 potions of flight
 C - 10 potions of brilliance
 E - 5 potions of heal wounds
 J - 10 potions of curing
 L - 4 potions of agility
 S - 7 potions of berserk rage
Comestibles
 f - 21 bread rations
 i - 3 meat rations
 Y - 10 beef jerkies


   Skills:
 O Level 27 Fighting
 - Level 17.7 Maces & Flails
 + Level 24.9 Throwing
 - Level 5.0 Armour
 - Level 11.6 Dodging
 - Level 0.7 Stealth
 - Level 15.2 Shields
 - Level 10.0 Spellcasting
 - Level 6.9 Charms
 - Level 13.0 Summonings
 - Level 5.0 Translocations
 - Level 3.0 Air Magic
 - Level 10.0 Invocations


You had 28 spell levels left.
You knew the following spells:

 Your Spells              Type           Power        Failure   Level  Hunger
a - Ozocubu's Armour      Chrm/Ice       #.......     100%        3    ##.....
b - Repel Missiles        Chrm/Air       #.....       85%         2    #......
c - Swiftness             Chrm/Air       #.......     85%         2    #......
d - Apportation           Tloc           #.........   50%         1    None
e - Summon Butterflies    Summ           ###.....     1%          1    None
f - Blink                 Tloc           N/A          75%         2    #......
g - Animate Skeleton      Necr           N/A          100%        1    None
h - Shadow Creatures      Summ           N/A          100%        6    #######


Dungeon Overview and Level Annotations

Branches:
Dungeon (15/15)            Temple (0/1) D:5            Lair (6/6) D:10
 Shoals (4/4) Lair:4        Snake (4/4) Lair:4        Slime (5/5) Lair:6
    Orc (2/2) D:12            Elf (0/3) Orc:2        Vaults (5/5) D:14
  Crypt (3/3) Vaults:2       Tomb (0/3) Crypt:3      Depths (5/5) D:15
    Zot (5/5) Depths:5

Altars:
Ashenzari
Cheibriados
Dithmenos
Elyvilon
Fedhas
Okawaru
Qazlal
Sif Muna
Trog
Vehumet
Xom
Yredelemnul
Zin
Lugonu

Shops:
D:9 [   D:10 (   Orc:1 :   Orc:2 ?(}   Shoals:2 (!(}*   Snake:2 =*:
Vaults:4 :   Depths:4 (

Portals:
Hell: Depths:1 Depths:2 Depths:3 Depths:4 Depths:5
Abyss: Depths:2 Depths:4
Pandemonium: Orc:2 Depths:3 Depths:5
Ziggurat: Depths:3
Bazaar: Depths:2
Trove: D:10 (give +4 ice dragon armour)

Annotations:
D:2 Robin
D:4 1 exclusion
Snake:3 corrupted
Snake:4 corrupted
Slime:5 corrupted, Royal Jelly
Vaults:3 corrupted
Vaults:4 exclusion: orange crystal statue
Vaults:5 corrupted
Zot:3 corrupted
Abyss:1 Jory, Sojobo


Innate Abilities, Weirdness & Mutations

You are too large for most types of armour.
You have tough skin. (AC +1)
Scrolls take you a little longer to read.
Your flesh is heat resistant. (rF+)
Your spells are easier to cast, but less powerful.


Message History

The rock shatters into small pieces.
This wand has 8 charges left.
Evoke which item? (* to show all) (? for menu, Esc to quit)
Zapping:
z - a wand of digging (8/24)
Press: ? - help, Shift-Dir - straight line The rock shatters into small pieces.
This wand has 7 charges left.
There is a stone staircase leading up here.
You climb upwards.
There is a stone staircase leading down here.
There is an escape hatch in the ceiling here.
A mysterious force pulls you upwards. The hatch slams shut behind you.
Level annotation: Robin That item cannot be evoked!
Evoke which item? (* to show all) (? for menu, Esc to quit)
Zapping:
z - a wand of digging (7/24)
Press: ? - help, Shift-Dir - straight line The rock shatters into small pieces.
This wand has 6 charges left.
There is an escape hatch in the ceiling here.
A mysterious force pulls you upwards. The hatch slams shut behind you.
There is a staircase leading out of the dungeon here.
You have escaped!

#####.......
###########.######
#.........#.......
#.8.#####....#####
#...#≈≈≈#.#..#....
#.#.#≈≈≈#.#.....##
#.#.#;≈≈#.#.#.....
#.#.#####.#.#.#.#.
#@#.......#.#.....
#.#.#####.#.###...
#.#.#≈≈≈#.#.#.....
#.#.#≈≈≈#.#.#.##..
#...#≈≈≈#.#.#.####
#.8.#####...#.#
#.........#...#
###############


There were no monsters in sight!

Vanquished Creatures
  5 ancient liches
  3 orbs of fire (Zot:5)
  A curse toe (Zot:5)
  2 Killer Klowns (Zot:5)
  A caustic shrike (Depths:3)
  3 golden dragons
  5 liches
  An electric golem (Zot:3)
  6 tentacled monstrosities
  16 Orb Guardians
  A deep elf blademaster (Depths:4)
  3 quicksilver dragons
  3 titans (Vaults:5)
  5 tentacled starspawn
  An ancient champion (Crypt:2)
  Frances (D:12)
  A death cob (Zot:5)
  3 acid blobs
  2 krakens
  3 storm dragons
  Agnes (D:15)
  3 sphinxes
  3 shadow dragons (Vaults:5)
  Donald (Crypt:2)
  Ilsuiw (Shoals:4)
  A draconian monk (Zot:3)
  4 tengu reavers
  2 greater nagas (Snake:4)
  3 azure jellies
  2 revenants
  11 frost giants
  A draconian knight (Zot:3)
  8 fire giants
  2 deep elf sorcerers
  An iron dragon (Vaults:5)
  A draconian scorcher (Depths:5)
  A draconian shifter (Zot:5)
  Aizul (Shoals:1)
  A balrug (Depths:4)
  12 vault wardens
  2 deep elf elementalists
  13 ironheart preservers
  A caustic shrike skeleton (Depths:3)
  A curse skull (Crypt:1)
  A draconian caller (Depths:5)
  A spriggan defender (Depths:2)
  4 ghouls (Crypt:1)
  7 very ugly things
  A draconian annihilator (Zot:5)
  18 stone giants
  5 vampire knights
  A black draconian (Depths:5)
  A mottled draconian (Depths:5)
  2 yellow draconians (Depths:5)
  A spectral titan (Crypt:3)
  3 red draconians
  2 white draconians
  A deep elf annihilator (Vaults:3)
  3 spark wasps (Depths:3)
  3 eidola
  14 ettins
  6 merfolk javelineers (Shoals:4)
  2 deep elf death magi
  6 merfolk impalers
  16 yaktaur captains
  10 fire dragons
  22 jiangshi
  Erolcha (D:9)
  11 great orbs of eyes
  5 hydras
  2 quicksilver dragon skeletons
  A deep elf high priest (Depths:2)
  7 rakshasas
  6 ice dragons
  25 vault guards
  11 naga warriors
  3 spriggan air magi
  The ghost of Buffagor the Basher, a journeyman VSFi of Okawaru (IceCv)
  An anaconda (shapeshifter) (Depths:4)
  3 merfolk avatars
  4 anacondas
  5 satyrs
  15 ogre magi
  7 centaur warriors
  2 alligator snapping turtles (Shoals:4)
  An alligator (shapeshifter) (Depths:5)
  4 death knights
  7 deep troll earth magi
  7 vampire magi
  3 merfolk aquamancers (Shoals:3)
  A death yak (IceCv)
  2 tengu warriors
  3 hell hogs (Abyss:3)
  2 thrashing horrors
  A dancing weapon (Vaults:5)
  8 deep troll shamans
  19 naga sharpshooters
  5 orc high priests (Orc:2)
  2 spriggan berserkers
  9 hell knights
  3 deep elf knights
  4 large abominations
  5 shock serpents
  3 sun demons
  5 shadow wraiths
  A storm dragon skeleton (Crypt:3)
  An iron troll (Depths:1)
  4 wretched stars
  A salamander mystic (Snake:4)
  The ghost of Buffagor the Basher, a novice VSFi of Okawaru (Lair:1)
  A sea snake (shapeshifter) (Vaults:4)
  15 sea snakes
  2 infernal demonspawn
  A spatial maelstrom (Abyss:3)
  24 skeletal warriors
  An unseen horror (shapeshifter) (D:14)
  7 wizards
  2 torturous demonspawn
  11 unseen horrors
  7 giant orange brains
  5 naga ritualists
  2 gelid demonspawn
  16 deep trolls
  A spectral hydra (Crypt:3)
  11 phantasmal warriors
  5 flayed ghosts
  4 deep elf archers
  12 ironbrand convokers
  5 hill giants
  A wolf spider zombie (Crypt:1)
  25 orc knights
  A tengu zombie (Vaults:1)
  Pikel (D:7)
  17 harpies
  4 wolf spiders
  A sphinx zombie (Vaults:1)
  5 mana vipers
  2 hornets
  A tengu skeleton (Vaults:1)
  20 deep elf magi
  10 oklob plants
  14 necromancers
  58 ugly things
  2 sphinx skeletons
  5 cyclopes
  2 frost giant zombies
  11 orc sorcerers
  14 manticores
  15 salamanders
  3 fire giant zombies
  2 sixfirhies
  A shining eye (Slime:1)
  11 griffons
  3 moths of wrath (Zot:5)
  11 sirens
  A fire giant skeleton (Vaults:2)
  A worldbinder (Abyss:3)
  7 guardian serpents
  12 fauns
  A toenail golem (D:9)
  2 stone giant skeletons
  An ice statue (IceCv)
  3 rust devils
  An eye of devastation (Slime:2)
  4 smoke demons
  25 naga magi
  5 spectral swamp worms (Depths:1)
  12 elephants
  4 water nymphs
  27 black mambas
  6 spiny frogs
  20 vault sentinels
  2 gargoyles
  An orange demon (Abyss:3)
  2 rime drakes
  A spiny frog (shapeshifter) (Vaults:2)
  8 freezing wraiths
  2 yaktaur zombies
  A hellion (Depths:5)
  2 harpy zombies
  73 yaktaurs
  A queen bee (Lair:1)
  An ancient zyme (Abyss:1)
  11 komodo dragons
  2 tengu conjurers (Depths:1)
  2 ice devils
  A catoblepas skeleton (Crypt:2)
  A red devil (Orc:2)
  2 wind drakes
  12 snapping turtles
  9 trolls
  2 meliai (shapeshifter)
  3 harpy skeletons (Shoals:3)
  18 merfolk
  20 polar bears
  Grinder (D:6)
  12 blink frogs
  5 boulder beetles
  24 two-headed ogres
  A hornet zombie (Crypt:2)
  A slime creature (shapeshifter) (Vaults:5)
  45 slime creatures
  6 raiju
  3 bog bodies (Crypt:1)
  55 flying skulls
  A frost giant simulacrum (Depths:1)
  4 air elementals
  24 water elementals
  A centaur simulacrum (D:15)
  4 spriggans
  A satyr skeleton (Crypt:2)
  3 griffon skeletons (Shoals:3)
  A vampire (D:12)
  3 ynoxinuls
  3 redbacks (Snake:4)
  A wyvern (D:12)
  A yak (shapeshifter) (Depths:4)
  9 wraiths
  8 shadows
  49 yaks
  7 basilisks
  A black mamba skeleton (Crypt:1)
  3 neqoxecs
  8 hippogriffs
  A steam dragon (Lair:6)
  13 wandering mushrooms
  2 chaos spawn
  2 hungry ghosts (D:15)
  A spectral spiny frog (Crypt:3)
  2 vampire mosquitoes (D:14)
  A swamp worm (shapeshifter) (Vaults:4)
  41 nagas
  12 wargs
  2 mottled dragons
  Duvessa (D:5)
  A faun skeleton (Crypt:2)
  A spatial vortex (Abyss:3)
  A giant eyeball (Depths:2)
  8 hell hounds
  8 porcupines
  6 water moccasins
  A slave (D:7)
  4 ice beasts
  50 orc warriors
  2 swamp drakes (Lair:6)
  5 sky beasts
  3 eyes of draining
  An ogre skeleton (Vaults:1)
  3 human zombies (Vaults:1)
  8 small abominations
  15 black bears
  3 phantoms
  4 wasps
  6 necrophages
  An anubis guard zombie (Crypt:1)
  An orc zombie (Vaults:2)
  22 wolves
  4 boggarts (Vaults:2)
  77 ogres
  2 snapping turtle skeletons
  A swamp dragon skeleton (Crypt:2)
  24 centaurs
  22 crocodiles
  An elephant skeleton (Crypt:1)
  16 giant frogs
  4 big kobolds
  Dowan (D:5)
  12 scorpions
  4 wyvern skeletons
  A hippogriff zombie (Crypt:1)
  21 killer bees
  7 wights
  3 howler monkeys (D:11)
  A giant frog zombie (D:12)
  10 crimson imps
  2 quasits
  19 hounds
  6 jellies
  4 centaur zombies
  5 starcursed masses (Abyss:3)
  4 human simulacra
  8 centaur skeletons
  4 giant frog skeletons
  24 orc priests
  3 human skeletons
  2 iron imps
  22 orc wizards
  7 iguanas
  9 worker ants
  16 sheep
  3 big kobold skeletons (Ossuary)
  A demigod skeleton (Crypt:1)
  A hound skeleton (D:10)
  A mummy (Ossuary)
  3 gnolls (Orc:1)
  A howler monkey skeleton (D:7)
  7 adders
  21 river rats
  5 shadow imps
  9 white imps (Orc:2)
  3 ufetubi
  3 oozes (Lair:6)
  An adder skeleton (D:8)
  3 worms
  3 dart slugs (D:1)
  3 giant geckos
  97 orcs
  3 giant cockroaches
  5 hobgoblins
  12 jackals
  6 quokkas
  3 ball pythons
  9 bats
  5 giant newts
  20 goblins
  2 hobgoblin skeletons
  17 kobolds
  3 kobold skeletons (Ossuary)
  An orc skeleton (Ossuary)
  5 rats
  A lurking horror (Abyss:3)
  2 plants (Lair:6)
  4 starspawn tentacles
  13 tentacles
  9 toadstools
2314 creatures vanquished.

Vanquished Creatures (collateral kills)
  Nikola (Shoals:1)
  A hydra (Lair:4)
  A merfolk avatar (Shoals:1)
  A skeletal warrior (D:12)
  A kraken simulacrum (Shoals:4)
  A putrid demonspawn (Orc:2)
  A faun (Shoals:3)
  An elephant (Lair:5)
  An orc sorcerer (Orc:2)
  A manticore (Shoals:4)
  A siren (Shoals:1)
  3 spiny frogs
  3 komodo dragons
  A troll (Orc:2)
  A polar bear (IceCv)
  Prince Ribbit (D:5)
  2 blink frogs (Lair:1)
  A boulder beetle (Lair:2)
  Eustachio (D:5)
  2 water elementals
  A wyvern (D:12)
  7 yaks
  A hungry ghost (D:7)
  A hippogriff (D:8)
  3 water moccasins
  A black bear (Lair:2)
  3 orc warriors
  2 sky beasts (D:8)
  An ogre (D:5)
  2 wolves
  3 crocodiles
  5 giant frogs
  5 scorpions (Ossuary)
  3 killer bees
  7 wights
  A crimson imp (D:5)
  A quasit (D:5)
  3 orc wizards
  8 orc priests
  A human skeleton (Ossuary)
  An iguana (D:12)
  3 worker ants (D:5)
  3 sheep
  A big kobold skeleton (Ossuary)
  2 mummies (Ossuary)
  An adder (D:6)
  6 river rats
  A shadow imp (D:5)
  3 white imps (Orc:2)
  12 orcs
  A jackal (D:5)
  An orc skeleton (Ossuary)
120 creatures vanquished.

Vanquished Creatures (others)
  Mennas (Vaults:3)
  2 caustic shrikes (Depths:3)
  A golden dragon (Depths:3)
  A profane servitor (Crypt:3)
  A bone dragon (Crypt:3)
  2 Orb Guardians
  2 titans (Vaults:5)
  5 acid blobs (Slime:5)
  A death cob (Zot:3)
  2 shadow dragons
  An ancient champion (Crypt:3)
  3 tengu reavers
  A storm dragon (Vaults:4)
  2 greater nagas
  A revenant (Crypt:3)
  A draconian monk (Zot:3)
  2 frost giants
  A fire giant (Vaults:5)
  2 vault wardens
  2 draconian scorchers (Zot:3)
  2 ghouls
  3 draconian annihilators (Zot:3)
  A stone giant (Depths:2)
  A curse skull (Crypt:1)
  2 war gargoyles (Vaults:5)
  2 very ugly things
  An entropy weaver (Vaults:4)
  5 vampire knights
  3 yellow draconians (Zot:3)
  2 black draconians (Zot:3)
  A mottled draconian (Zot:3)
  2 red draconians (Zot:5)
  An eidolon (Crypt:2)
  A spark wasp (Depths:3)
  4 ettins
  3 yaktaur captains
  2 fire dragons
  3 jiangshi
  A deep elf high priest (Depths:5)
  A great orb of eyes (Slime:5)
  9 naga warriors
  The ghost of mobby the Nimble, a journeyman DsWz of Vehumet (IceCv)
  An anaconda (shapeshifter) (Vaults:5)
  6 ice dragons
  A death knight (Crypt:3)
  A merfolk avatar (Shoals:4)
  4 anacondas
  2 ogre magi
  A deep troll shaman (Depths:1)
  A spriggan berserker (Depths:3)
  A deep troll earth mage (Depths:3)
  8 naga sharpshooters
  3 shock serpents
  2 tengu warriors
  A titan zombie (Crypt:1)
  A spriggan rider (Depths:3)
  A titan skeleton (Crypt:1)
  2 salamander mystics
  4 deep trolls
  2 shadow wraiths (Vaults:5)
  3 skeletal warriors (Crypt:3)
  An unseen horror (D:13)
  2 giant orange brains
  4 phantasmal warriors
  3 naga ritualists
  2 ironbrand convokers
  3 deep elf magi
  2 orc knights
  4 mana vipers
  6 ugly things
  A wolf spider (Vaults:5)
  5 salamanders
  A griffon (Vaults:3)
  A guardian serpent (Snake:4)
  A moth of wrath (Zot:5)
  An elephant (Lair:6)
  6 black mambas
  6 naga magi
  A vault sentinel (Vaults:3)
  A redback zombie (Crypt:2)
  A freezing wraith (Crypt:3)
  5 yaktaurs
  3 two-headed ogres (Depths:4)
  18 slime creatures
  A boulder beetle (Vaults:5)
  An ettin zombie (Depths:3)
  A boulder beetle (shapeshifter) (Depths:3)
  A redback (Snake:4)
  3 flying skulls (Crypt:3)
  A yak (IceCv)
  A mottled dragon (Lair:6)
  15 nagas
  3 steam dragons (Lair:6)
  A warg (Lair:6)
  3 orc warriors
  A necrophage (Crypt:1)
  2 eyes of draining
  An ogre (Vaults:5)
  5 wolves (IceCv)
  A crocodile (Lair:6)
  A draconian zombie (Crypt:2)
  2 small abominations
  An iron imp (Abyss:3)
  2 orc wizards
  5 scorpion zombies (Ossuary)
  A river rat (Lair:2)
  An orc (Vaults:4)
  A goblin (D:3)
  42 wandering mushrooms
  3 fungi (Lair:4)
  13 plants
  48 starspawn tentacles
  584 starspawn tentacle segments
  45 tentacles
  3818 tentacle segments
  821 toadstools
5637 creatures vanquished.

Grand Total: 8071 creatures vanquished

Notes
Turn   | Place    | Note
-------+----------+-------------------------------------------
     0 | D:1      | msp the Ogre Hunter began the quest for the Orb.
     0 | D:1      | Reached XP level 1. HP: 22/22 MP: 1/1
     3 | D:1      | Noticed an electric eel
     5 | D:1      | Noticed an electric eel
    33 | D:1      | Reached skill level 3 in Fighting
   197 | D:1      | Reached XP level 2. HP: 27/31 MP: 2/2
   437 | D:1      | Reached skill level 4 in Fighting
   762 | D:1      | Reached XP level 3. HP: 40/40 MP: 3/3
  1213 | D:2      | Reached skill level 5 in Fighting
  1705 | D:3      | Noticed Robin
  2039 | D:3      | Reached XP level 4. HP: 30/50 MP: 4/4
  2304 | D:3      | Reached skill level 6 in Fighting
  2703 | D:3      | Found a white marble altar of Elyvilon.
  3103 | D:3      | Noticed a centaur
  3115 | D:3      | Killed a centaur
  3115 | D:3      | Reached skill level 7 in Fighting
  3115 | D:3      | Reached XP level 5. HP: 16/62 MP: 5/5
  3376 | D:3      | Found a radiant altar of Vehumet.
  3876 | D:4      | Found a blossoming altar of Fedhas.
  3928 | D:4      | Reached skill level 1 in Maces & Flails
  4099 | D:4      | Learned a level 3 spell: Ozocubu's Armour
  4152 | D:4      | Noticed an ice beast
  4159 | D:4      | Reached XP level 6. HP: 28/72 MP: 6/6
  4201 | D:4      | Killed an ice beast
  4582 | D:4      | Became a worshipper of Fedhas Madash
  4866 | D:4      | Reached skill level 5 in Maces & Flails
  4878 | D:4      | Reached XP level 7. HP: 19/79 MP: 7/7
  5219 | D:4      | Noticed a moth of wrath
  5230 | D:4      | Found a bloodstained altar of Trog.
  5313 | D:5      | Entered Level 5 of the Dungeon
  5607 | D:5      | Found a glowing silver altar of Zin.
  5716 | D:5      | Noticed Duvessa
  5716 | D:5      | Noticed Dowan
  5735 | D:5      | Killed Duvessa
  5738 | D:5      | Killed Dowan
  5758 | D:5      | Found a staircase to the Ecumenical Temple.
  5821 | D:5      | Reached XP level 8. HP: 80/88 MP: 8/8
  5874 | D:5      | Reached * piety under Fedhas
  6192 | D:5      | Found a shadowy altar of Dithmenos.
  6249 | D:5      | Noticed Eustachio
  6265 | D:5      | Killed Eustachio
  6265 | D:5      | Reached skill level 10 in Maces & Flails
  6438 | D:5      | Noticed Prince Ribbit
  6443 | D:5      | Killed Prince Ribbit
  6745 | D:5      | Found a deep blue altar of Sif Muna.
  7305 | D:6      | Noticed Grinder
  7316 | D:6      | Killed Grinder
  7316 | D:6      | Reached XP level 9. HP: 66/94 MP: 9/9
  8270 | D:7      | Found a sand-covered staircase.
  8275 | Ossuary  | Entered an ossuary
  8317 | Ossuary  | Reached ** piety under Fedhas
 10198 | D:7      | Reached skill level 5 in Throwing
 10198 | D:7      | Reached skill level 1 in Shields
 10218 | D:7      | Reached *** piety under Fedhas
 10423 | D:7      | Found a snail-covered altar of Cheibriados.
 10442 | D:7      | Reached XP level 10. HP: 82/104 MP: 10/10
 11115 | D:7      | Noticed Pikel
 11139 | D:7      | Killed Pikel
 11601 | D:8      | Reached skill level 15 in Maces & Flails
 11671 | D:8      | Found a shimmering altar of Xom.
 11717 | D:8      | Found a shattered altar of Ashenzari.
 11882 | D:8      | Found a blossoming altar of Fedhas.
 12391 | D:9      | Found Loanaenk's Armour Shop.
 12399 | D:9      | 0.0
 12696 | D:9      | Found a stormy altar of Qazlal.
 12780 | D:9      | Learned a level 2 spell: Repel Missiles
 12783 | D:9      | Learned a level 2 spell: Swiftness
 12830 | D:9      | Noticed Erolcha
 12851 | D:9      | Killed Erolcha
 12851 | D:9      | Reached skill level 5 in Shields
 13356 | D:10     | Entered Level 10 of the Dungeon
 13361 | D:10     | Reached XP level 11. HP: 110/110 MP: 11/11
 13435 | D:10     | Found a portal to a secret trove of treasure.
 13488 | D:10     | Found Mabb's Antique Weapon Boutique.
 13579 | D:10     | Reached **** piety under Fedhas
 13697 | D:10     | Reached skill level 8 in Fighting
 13851 | D:10     | Noticed an unseen horror
 13877 | D:10     | Killed an unseen horror
 13917 | D:10     | Found a staircase to the Lair.
 14354 | Lair:1   | Entered Level 1 of the Lair of Beasts
 14615 | Lair:1   | Reached skill level 9 in Fighting
 14735 | Lair:1   | HP: 8/172 [poisoned by a killer bee]
 14740 | Lair:1   | HP: 7/172 [poisoned by a killer bee]
 14745 | Lair:1   | HP: 7/172 [poisoned by a killer bee]
 14752 | Lair:1   | HP: 5/115 [poisoned by a killer bee]
 15170 | Lair:1   | Noticed a seven-headed hydra
 15181 | Lair:1   | Killed a seven-headed hydra
 15233 | Lair:1   | Reached skill level 10 in Fighting
 15273 | Lair:1   | Reached XP level 12. HP: 75/126 MP: 12/12
 16039 | Lair:1   | Noticed Buffagor's ghost (novice VSFi)
 16058 | Lair:1   | Killed Buffagor's ghost
 16559 | Lair:2   | Reached skill level 11 in Fighting
 17194 | Lair:3   | Got a steaming dire flail
 17200 | Lair:3   | Identified the cursed +3 dire flail "Wocwa" {flame, rN+ Str-5 Int+6} (You found it on level 3 of the Lair of Beasts)
 17286 | Lair:3   | Reached skill level 10 in Throwing
 18001 | Lair:4   | Found a staircase to the Shoals.
 18026 | Lair:4   | Reached ***** piety under Fedhas
 18204 | Lair:4   | Reached skill level 12 in Fighting
 18345 | Lair:4   | Noticed a six-headed hydra
 18356 | Lair:4   | Killed a six-headed hydra
 18356 | Lair:4   | Reached skill level 1 in Invocations
 18567 | Lair:4   | Found a staircase to the Snake Pit.
 18825 | Lair:5   | Noticed a six-headed hydra
 18833 | Lair:5   | Killed a six-headed hydra
 18994 | Lair:5   | Reached XP level 13. HP: 141/141 MP: 15/15
 19190 | Lair:5   | Reached skill level 13 in Fighting
 20382 | D:12     | Reached skill level 5 in Invocations
 20969 | D:9      | Bought a +1 fire dragon armour for 871 gold pieces
 21106 | D:5      | lol
 21175 | D:5      | Identified a scroll of acquirement
 21183 | D:5      | Upgraded the game from 0.19-a0-1002-g674d22e to 0.19-a0-1007-g133f65f
 21365 | D:12     | Found a shimmering altar of Xom.
 21409 | D:12     | Found a staircase to the Orcish Mines.
 21414 | D:12     | Noticed Frances
 22123 | Orc:1    | Entered Level 1 of the Orcish Mines
 22183 | Orc:1    | Found Cerif's Book Boutique.
 22269 | Orc:1    | Found an iron altar of Okawaru.
 22272 | Orc:1    | Reached skill level 14 in Fighting
 22427 | Orc:2    | Entered Level 2 of the Orcish Mines
 22490 | Orc:2    | Found a frozen archway.
 22520 | IceCv    | Entered an ice cave
 23020 | IceCv    | Noticed mobby's ghost (journeyman DsWz)
 23051 | IceCv    | Reached XP level 14. HP: 126/156 MP: 18/18
 23051 | IceCv    | Killed mobby's ghost
 23137 | IceCv    | Noticed a frost giant
 23148 | IceCv    | Noticed Buffagor's ghost (journeyman VSFi)
 23148 | IceCv    | lol two fuckin ghost
 23148 | IceCv    | s
 23151 | IceCv    | Killed Buffagor's ghost
 23179 | IceCv    | Killed a frost giant
 23297 | IceCv    | Got a ring of the Octopus King
 23299 | IceCv    | Identified a ring of the Octopus King {rC+ AC+1 EV+1 Str+1 Int+1 Dex+1} (You found it in an ice cave)
 23443 | IceCv    | Reached skill level 15 in Fighting
 23958 | Orc:2    | Found a staircase to the Elven Halls.
 24202 | Orc:2    | Found Etipoonu's Food Boutique.
 24227 | Orc:2    | Reached skill level 1 in Armour
 24300 | Orc:2    | Found Halipsamm's Magic Scroll Shop.
 24376 | Orc:2    | Bought a scroll of enchant armour for 127 gold pieces
 24944 | Orc:2    | Found Helivuso's Antique Weapon Shoppe.
 24944 | Orc:2    | Found Jihowo's Gadget Emporium.
 24944 | Orc:2    | Found a one-way gate leading to the halls of Pandemonium.
 25155 | Orc:1    | Reached skill level 16 in Fighting
 25568 | D:13     | Reached ****** piety under Fedhas
 25752 | D:13     | Reached XP level 15. HP: 163/169 MP: 15/19
 26245 | D:14     | Reached skill level 17 in Fighting
 26501 | D:14     | Found a shattered altar of Ashenzari.
 26586 | D:14     | Reached skill level 1 in Charms
 26808 | D:14     | Found a gate to the Vaults.
 26983 | D:15     | Entered Level 15 of the Dungeon
 27463 | D:15     | Noticed Agnes
 27483 | D:15     | Killed Agnes
 27483 | D:15     | Reached skill level 18 in Fighting
 27483 | D:15     | Reached skill level 10 in Shields
 27639 | D:15     | Paralysed by an orc sorcerer for 6 turns
 27876 | D:15     | Found a staircase to the Depths.
 28276 | Shoals:1 | Entered Level 1 of the Shoals
 28784 | Shoals:1 | Reached XP level 16. HP: 112/188 MP: 20/20
 28940 | Shoals:1 | Noticed Nikola
 28946 | Shoals:1 | Killed Nikola
 28947 | Shoals:1 | rekt
 28983 | Shoals:1 | Found a shattered altar of Ashenzari.
 29076 | Shoals:1 | Noticed Aizul
 29107 | Shoals:1 | Killed Aizul
 29107 | Shoals:1 | Reached skill level 19 in Fighting
 29311 | Shoals:1 | wtf
 29406 | Shoals:2 | Found Apuhog's General Store.
 29419 | Shoals:2 | Bought a scroll of enchant armour for 105 gold pieces
 29458 | Shoals:2 | Found Raase's Distillery.
 29523 | Shoals:2 | Bought a potion of agility for 56 gold pieces
 29523 | Shoals:2 | Bought a potion of resistance for 140 gold pieces
 29523 | Shoals:2 | Bought a potion of agility for 56 gold pieces
 29523 | Shoals:2 | Bought a potion of berserk rage for 70 gold pieces
 29523 | Shoals:2 | Bought a potion of berserk rage for 70 gold pieces
 29528 | Shoals:2 | Gained mutation: You are robust. (+10% HP) [potion of beneficial mutation]
 29529 | Shoals:2 | Reached XP level 17. HP: 199/217 MP: 20/23
 29530 | Shoals:2 | Reached XP level 18. HP: 210/228 MP: 20/24
 29984 | Shoals:2 | Found Uganib's Antique Weapon Shop.
 30264 | Shoals:2 | Found Fiopn's Gadget Emporium.
 30274 | Shoals:2 | Learned a level 1 spell: Apportation
 30276 | Shoals:2 | Learned a level 1 spell: Summon Butterflies
 30278 | Shoals:2 | Bought a wand of teleportation (4/9) for 432 gold pieces
 30379 | Shoals:2 | Found Ysuur's Weapon Shop.
 31161 | Shoals:3 | Reached skill level 20 in Fighting
 31678 | Shoals:4 | Entered Level 4 of the Shoals
 32249 | Shoals:4 | smdh
 33067 | Shoals:4 | Reached XP level 19. HP: 211/240 MP: 25/25
 33164 | Shoals:4 | Got a barnacled rune of Zot
 33273 | Shoals:4 | Noticed Ilsuiw
 33321 | Shoals:4 | Killed Ilsuiw
 34164 | Vaults:1 | Entered Level 1 of the Vaults
 34316 | Orc:2    | Bought a scroll of teleportation for 51 gold pieces
 34316 | Orc:2    | Bought a scroll of fear for 59 gold pieces
 34316 | Orc:2    | Bought a scroll of fog for 34 gold pieces
 34316 | Orc:2    | Bought a scroll of enchant weapon for 127 gold pieces
 34316 | Orc:2    | Bought a scroll of enchant weapon for 127 gold pieces
 34802 | D:14     | Cast into level 2 of the Abyss (a wizard)
 34803 | Abyss:2  | -.-
 34803 | Abyss:2  | looks like time to convert
 34843 | Abyss:3  | Found a corrupted altar of Lugonu.
 34881 | Abyss:3  | Found a corrupted altar of Lugonu.
 34944 | Abyss:3  | Fell from the grace of Fedhas
 34944 | Abyss:3  | Became a worshipper of Lugonu the Unformed
 34944 | Abyss:3  | Reached * piety under Lugonu
 34990 | Abyss:3  | Gained mutation: Scrolls take you a little longer to read. [a neqoxec]
 35065 | Abyss:3  | Noticed a lich
 35080 | Abyss:3  | Killed a lich
 35088 | Abyss:3  | Reached skill level 15 in Throwing
 35234 | D:14     | Escaped the Abyss
 35370 | D:12     | Killed Frances
 35394 | Orc:1    | Bought a book of Minor Magic for 280 gold pieces
 35397 | Orc:1    | Learned a level 2 spell: Blink
 36143 | Vaults:1 | Reached ** piety under Lugonu
 36893 | Vaults:1 | Reached skill level 15 in Shields
 37093 | Vaults:1 | Reached *** piety under Lugonu
 37157 | Vaults:1 | Reached XP level 20. HP: 119/250 MP: 26/26
 37617 | Vaults:1 | Learned a level 1 spell: Animate Skeleton
 37857 | Vaults:2 | Reached **** piety under Lugonu
 38204 | Vaults:2 | Found a staircase to the Crypt.
 38805 | Vaults:2 | Reached ***** piety under Lugonu
 39558 | Vaults:2 | Was forgiven by Fedhas
 39743 | Vaults:2 | good wrath tbh, was kind of dangerous for a minute
 40279 | Vaults:3 | Found a bloodstained altar of Trog.
 40295 | Vaults:3 | Gained mutation: Your flesh is heat resistant. (rF+) [potion of beneficial mutation]
 40296 | Vaults:3 | o shit that was stupid
 40655 | Vaults:3 | Reached skill level 10 in Invocations
 41227 | Vaults:3 | Reached skill level 1 in Summonings
 41253 | Vaults:3 | Reached skill level 5 in Charms
 41276 | Vaults:3 | Paralysed by an orc sorcerer for 3 turns
 41362 | Vaults:3 | Reached ****** piety under Lugonu
 41381 | Vaults:3 | Noticed Mennas
 41381 | Vaults:3 | Corrupted Vaults:3
 41381 | Vaults:3 | Noticed a bone dragon
 41381 | Vaults:3 | Noticed a bone dragon
 41387 | Vaults:3 | mennas: smh
 41403 | Vaults:3 | Killed Mennas
 42269 | Vaults:3 | Reached XP level 21. HP: 240/260 MP: 28/28
 42819 | Vaults:3 | Identified a +3 demon whip of distortion (a +1 demon whip of venom corrupted by Lugonu)
 42819 | Vaults:3 | Received a gift from Lugonu
 43629 | Vaults:4 | Found Naoth's Book Emporium.
 44599 | Vaults:4 | Reached skill level 5 in Summonings
 44609 | Vaults:4 | Reached skill level 5 in Armour
 45559 | Snake:1  | Entered Level 1 of the Snake Pit
 46365 | Snake:2  | Found Yfoul's Book Emporium.
 46376 | Snake:2  | Found Tosaz's Assorted Antiques.
 46378 | Snake:2  | Found Kinexifo's Jewellery Emporium.
 46384 | Snake:2  | Bought a scroll labeled XUHEMO TERR for 28 gold pieces
 46671 | Snake:2  | Reached skill level 5 in Dodging
 47554 | Snake:2  | Reached XP level 22. HP: 258/271 MP: 29/29
 47575 | Snake:3  | Corrupted Snake:3
 47882 | Snake:3  | Found a white marble altar of Elyvilon.
 48038 | Snake:4  | Entered Level 4 of the Snake Pit
 48721 | Snake:4  | Escaped the Abyss
 48754 | Snake:4  | Corrupted Snake:4
 49841 | Snake:4  | shit
 51667 | Snake:4  | Got a serpentine rune of Zot
 52032 | Depths:1 | Entered Level 1 of the Depths
 52678 | Depths:1 | Noticed an ancient lich
 52699 | Depths:1 | Killed an ancient lich
 52703 | Depths:1 | Reached skill level 10 in Dodging
 52705 | Depths:1 | Noticed an ancient lich
 52815 | Depths:1 | Killed an ancient lich
 52875 | Depths:1 | Reached XP level 23. HP: 279/279 MP: 30/30
 52898 | Depths:1 | Reached skill level 10 in Summonings
 52906 | Depths:1 | Found a gateway to Hell.
 53348 | Depths:1 | Reached skill level 5 in Spellcasting
 54758 | Depths:2 | Found a gateway to a bazaar.
 54801 | Depths:2 | Found a one-way gate to the infinite horrors of the Abyss.
 55996 | D:9      | Learned a level 6 spell: Shadow Creatures
 56169 | Depths:3 | Found a gateway to a ziggurat.
 56872 | Depths:3 | Noticed a golden dragon
 56887 | Depths:3 | Banished a golden dragon
 57381 | Depths:3 | Noticed a caustic shrike
 57381 | Depths:3 | Noticed a caustic shrike
 57390 | Depths:3 | Noticed a caustic shrike
 57413 | Depths:3 | Noticed a caustic shrike
 57416 | Depths:3 | Noticed a caustic shrike
 57721 | Depths:3 | Reached XP level 24. HP: 245/293 MP: 34/34
 58408 | Depths:3 | Banished a caustic shrike
 58482 | Depths:3 | Killed a caustic shrike
 58789 | Depths:3 | Got a translucent tin ring
 59055 | Depths:3 | nice
 59180 | Depths:3 | Banished a caustic shrike
 59539 | Depths:4 | Found a shattered altar of Ashenzari.
 59684 | Depths:4 | Noticed Sojobo
 59708 | Depths:4 | Banished Sojobo
 60594 | Depths:4 | Noticed a juggernaut
 60690 | Depths:4 | Found Giott's Weapon Boutique.
 60732 | Depths:4 | Found a corrupted altar of Lugonu.
 61113 | Depths:5 | Entered Level 5 of the Depths
 61312 | Depths:5 | Noticed Jory
 61462 | Depths:5 | Reached skill level 21 in Fighting
 61496 | Depths:5 | Found a gate to the Realm of Zot.
 61971 | Depths:5 | Banished Jory
 62262 | Depths:5 | Noticed a juggernaut
 62266 | Depths:5 | Banished a juggernaut
 62266 | Depths:5 | Reached XP level 25. HP: 284/308 MP: 36/36
 62302 | Depths:5 | Reached skill level 10 in Spellcasting
 62360 | Depths:5 | Identified the ring of Gluttony {EV+4 Int-4 Dex+4} (You took it off a vampire knight on level 3 of the Depths)
 62361 | Depths:5 | neat
 62776 | Crypt:1  | Entered Level 1 of the Crypt
 63055 | Crypt:1  | Reached skill level 22 in Fighting
 63356 | Crypt:1  | Reached skill level 1 in Translocations
 65178 | Crypt:2  | Noticed Donald
 65190 | Crypt:2  | Killed Donald
 65325 | Crypt:3  | Entered Level 3 of the Crypt
 65599 | Crypt:3  | Found a basalt altar of Yredelemnul.
 65928 | Crypt:3  | Reached skill level 23 in Fighting
 66103 | Crypt:3  | Reached skill level 5 in Translocations
 66498 | Crypt:3  | Identified the Almanac of Stolen Souls
 66580 | Crypt:3  | Found a staircase to the Tomb.
 66580 | Crypt:3  | Noticed an ancient lich
 66600 | Crypt:3  | Banished an ancient lich
 66623 | Crypt:3  | Identified Jacug's Catalogue of Earthen Air
 66774 | Vaults:2 | Reached XP level 26. HP: 323/330 MP: 37/37
 67163 | Snake:2  | Bought the ring of Makhleb's Wrath {+Fly rC+ MR+ Str+4 Slay+5} for 2247 gold pieces
 67571 | Vaults:5 | Entered Level 5 of the Vaults
 67591 | Vaults:5 | Noticed an ancient lich
 67593 | Vaults:5 | Reached skill level 24 in Fighting
 67605 | Vaults:5 | Banished an ancient lich
 67653 | Vaults:5 | Reached skill level 25 in Fighting
 67700 | Vaults:5 | Corrupted Vaults:5
 67906 | Vaults:5 | Noticed an ancient lich
 67965 | Vaults:5 | Killed an ancient lich
 68573 | Vaults:5 | Reached skill level 26 in Fighting
 69177 | Vaults:5 | Got a silver rune of Zot
 69202 | Vaults:5 | Got a slimy pewter amulet
 69214 | Vaults:5 | Identified the amulet of Ruunniu {Gourm rElec rN+} (You took it off a frost giant on level 5 of the Vaults)
 69459 | Vaults:5 | Got a polished gold dragon armour
 69470 | Vaults:5 | Identified the +8 gold dragon armour "Ularaq" {rPois rF+ rC+ Str+2} (You found it on level 5 of the Vaults)
 69470 | Vaults:5 | 0.0
 70104 | Lair:6   | Entered Level 6 of the Lair of Beasts
 70142 | Lair:6   | Reached XP level 27. HP: 336/353 MP: 37/37
 70390 | Lair:6   | Found a staircase to the Slime Pits.
 71921 | Slime:1  | Entered Level 1 of the Pits of Slime
 72114 | Slime:5  | Entered Level 5 of the Pits of Slime
 72244 | Slime:5  | Corrupted Slime:5
 72249 | Slime:5  | Noticed the Royal Jelly
 72255 | Slime:5  | Got a slimy rune of Zot
 72315 | Slime:4  | Reached skill level 27 in Fighting
 72696 | Depths:2 | Voluntarily entered the Abyss.
 72696 | Abyss:1  | Found a corrupted altar of Lugonu.
 72916 | Abyss:1  | Noticed an ancient lich
 73472 | Abyss:3  | Got an abyssal rune of Zot
 73478 | Abyss:3  | Paralysed by accursed screaming for 1 turns
 73725 | Abyss:3  | Found a corrupted altar of Lugonu.
 73735 | Depths:2 | Escaped the Abyss
 73855 | Zot:1    | Entered Level 1 of the Realm of Zot
 73889 | Zot:3    | Corrupted Zot:3
 73974 | Zot:5    | Entered Level 5 of the Realm of Zot
 74317 | Zot:5    | -.-
 74343 | Zot:5    | -_________-
 74378 | Zot:5    | Noticed an ancient lich
 74419 | Zot:5    | Noticed an ancient lich
 74420 | Zot:5    | Killed an ancient lich
 74795 | Zot:5    | Noticed an ancient lich
 74804 | Zot:5    | Noticed an orb of fire
 74812 | Zot:5    | Noticed an ancient lich
 74816 | Zot:5    | Killed an ancient lich
 74829 | Zot:5    | Noticed an orb of fire
 74831 | Zot:5    | Gained mutation: Your spells are a little easier to cast, but a little less powerful. [an orb of fire]
 74833 | Zot:5    | Gained mutation: Your spells are easier to cast, but less powerful. [an orb of fire]
 74837 | Zot:5    | Killed an orb of fire
 74851 | Zot:5    | Noticed an orb of fire
 74871 | Zot:5    | Killed an orb of fire
 74976 | Zot:5    | Noticed an orb of fire
 74986 | Zot:5    | Lost mutation: You are robust. (+10% HP) [an orb of fire]
 74991 | Zot:5    | Killed an orb of fire
 75174 | Zot:5    | Noticed an orb of fire
 75457 | Zot:5    | Got the Orb of Zot
 75489 | Zot:5    | Noticed a seraph
 75510 | Zot:5    | Noticed Nowiatz the pandemonium lord
 75629 | Depths:2 | pro dragon boost there
 75684 | D:14     | Noticed Tuxegell the pandemonium lord
 75787 | D:9      | gotta catch em all
 75988 | D:$      | Escaped with the Orb!

Vault maps used:
D:1:      arrival_aquarium_b
D:3:      elyvilon_altar_4, lemuel_coloured_pillars_altar, minmay_crystal_room,
          kennysheep_boxes, uniq_robin
D:4:      tgw_trog, first_bread, fedhas_altar_fruit_tree
D:5:      nicolae_overflow_crystal_walls, old_standard_altar,
          kennysheep_little_box, roderic_lattice_a, hangedman_decor_push,
          minmay_ogre_servants, uniq_prince_ribbit1, uniq_duvessa,
          uniq_eustachio
D:6:      uniq_grinder
D:7:      lemuel_round_altar, enter_ossuary_2, uniq_pikel
D:8:      marbit_many_paths, lemuel_crystal_altar, overflow_temple_1_default,
          the_bakery
D:9:      nicolae_qazlal_general_emergency, serial_shops, shop, uniq_erolcha
D:10:     lair_0_dummy, serial_shops, nicolae_shop_behind_doors, enter_trove_0
D:11:     hangedman_abyss_or_decor_stagger
D:12:     orc_0_dummy, xom_teletrap_fun, uniq_frances
D:14:     david_vaults_4, minmay_misc_feat_roman, basic_altar
D:15:     grunt_enter_depths_magical_seal, corexii_leaking_fountain,
          minmay_misc_feat_hallway, uniq_agnes
Lair:1:   special_room, grunt_megastairs_4, serial_bayou_shore_b,
          infiniplex_staircase_pool
Lair:2:   st_stairs_6, minivault_27, serial_bayou_shore_b
Lair:3:   minmay_holes
Lair:4:   minmay_shoals_entry_centaurs, guppyfry_snake_entry_island
Lair:6:   guppyfry_lair_end_dragon, hangedman_lair_caniforms_friends,
          nicolae_slime_entry_slimehenge
Shoals:1: lemuel_oklob_altar, uniq_nikola, uniq_aizul
Shoals:2: serial_shops, shop, shop, nicolae_shop_trees,
          nicolae_shop_window_shopping, shop
Shoals:3: nicolae_shoals_undead_eyrie
Shoals:4: shoals_end_grunt_ice, shoals_ilsuiw_ice
Snake:2:  st_stairs_12, minmay_shop_star, lemuel_fruit_tree
Snake:3:  basic_altar
Snake:4:  snake_pit, spider_trap
Slime:1:  nicolae_slime_barrier, cheibrodos_slime_lost_civilization_5
Slime:2:  nicolae_slime_welcoming_committee
Slime:3:  nicolae_slime_ancient_tower_intersection
Slime:4:  cheibrodos_slime_lost_civilization_7
Orc:1:    serial_shops, nicolae_shop_behind_doors, okawaru_metal_pillars_1_2
Orc:2:    pf_orc_diabolical, portal_ice_cave_entry_imps
Vaults:1: ontoclasm_vaults_ring_small, v_misc_2, st_diamondy,
          nicolae_vaults_network_quinsquares,
          vaults_standard_mumra_enter_the_diamond, v_misc_14, v_misc_17,
          vaults_standard_mumra_enter_the_diamond, ontoclasm_vaults_chip,
          hangedman_vaults_slither, nicolae_vaults_shelves_hall, v_misc_16,
          nicolae_vaults_diagonal_hallway_8
Vaults:2: st_cells, nicolae_vaults_mini_display_case, vaults_room_fours,
          vaults_room_semicircle, v_misc_4, hangedman_vaults_nodes,
          nicolae_vaults_shelves_hall, vaults_room_stairs_pillars, v_misc_13
Vaults:3: hangedman_vaults_stream, v_misc_1, v_alt_pattern_2,
          nicolae_vaults_rhombus_7, v_misc_1, vaults_room_large_hall,
          ontoclasm_vaults_tryst, hangedman_vaults_unwind, basic_altar,
          uniq_mennas
Vaults:4: v_misc_11, nicolae_vaults_puzzle_piece, nicolae_vaults_little_ls,
          nicolae_vaults_network_quincunx, ontoclasm_vaults_idyll,
          vaults_room_fours, ontoclasm_vaults_claustrophobia, v_alt_pattern_4,
          vaults_mumra_hex, nicolae_vaults_statue_guard, vaults_room_pool,
          dpeg_vaults_monster_row, serial_shops, nicolae_shop_crystal
Vaults:5: serial_shops
Crypt:1:  minmay_misc_feat_alley, minivault_27
Crypt:2:  uniq_donald
Crypt:3:  grunt_crypt_end_deaths_head
Depths:1: minmay_guarded_unrand_majin_bo, pf_hell_entry_tar_river,
          roderic_curled_sauvastika, kilobyte_mutagenic_chamber
Depths:2: minmay_outward_triangles, serial_shops, bzr_entry_water, abyss_entry,
          grunt_hell_entry_dis_grunt, kennysheep_underground_church
Depths:3: grunt_runaround, hell_entry, serial_shops, pan_entry
Depths:4: grunt_double_whammy, lightli_too_deep, nicolae_ashenzari_panopticon,
          serial_shops, shop, abyss_entry_flame_altar,
          serial_sigils_hangedman_stare, infiniplex_staircase_split_hallway,
          uniq_sojobo
Depths:5: grunt_zot_entry_tricorne, minivault_14, rand_demon_pan_entry_5,
          hell_entry, uniq_jory
Zot:2:    grunt_megastairs_3
Zot:3:    grunt_megastairs_2
Zot:5:    grunt_ministairs_2, st_stairs_6
Abyss:1:  evilmike_abyss_exit_vortex
Abyss:3:  hangedman_cross_veins, grunt_abyss_rune_wretched_hive
Ossuary:  ossuary_minmay_scorpions
IceCv:    ice_cave_caverns_02

Skill      XL: |  1  2  3  4  5  6  7  8  9 10 11 12 13 14 15 16 17 18 19 20 21 22 23 24 25 26 27 |
---------------+----------------------------------------------------------------------------------+-----
Fighting       | 3 4 5 7 10 12 14 16 18 19 20 21 23 26 27 | 27.0
Maces & Flails | 2 5 8 12 14 15 16 17 | 17.7
Throwing       | 5 7 9 10 12 13 16 17 18 20 21 24 | 24.9
Shields        | 1 5 6 9 10 11 13 15 | 15.2
Invocations    | 3 5 10 | 10.0
Armour         | 4 5 |  5.0
Charms         | 1 3 4 5 6 |  6.9
Spellcasting   | 4 7 9 10 | 10.0
Air Magic      | 2 3 |  3.0
Summonings     | 2 6 9 10 12 13 | 13.0
Dodging        | 5 10 11 | 11.6
Translocations | 5 |  5.0
Stealth        | |  0.7

Action                   |  1- 3 |  4- 6 |  7- 9 | 10-12 | 13-15 | 16-18 | 19-21 | 22-24 | 25-27 || total
-------------------------+-------+-------+-------+-------+-------+-------+-------+-------+-------++-------
Melee: Short sword       |   127 |   128 |       |       |       |       |       |       |       ||   255
       Flail             |       |   104 |   132 |   681 |     9 |       |       |       |       ||   926
       Rapier            |       |       |   147 |       |       |       |       |       |       ||   147
       Dire flail        |       |       |       |   158 |   184 |       |       |       |       ||   342
       Eveningstar       |       |       |       |       |  1290 |   760 |  1962 |    11 |       ||  4023
       Demon whip        |       |       |       |       |    45 |       |   776 |  2412 |  2045 ||  5278
Throw: Large rock        |     1 |     5 |     3 |     3 |     1 |    31 |    26 |   109 |   317 ||   496
       Throwing net      |     1 |       |       |       |       |       |       |       |       ||     1
 Cast: Repel Missiles    |       |       |       |       |       |     2 |     2 |    13 |     4 ||    21
       Apportation       |       |       |       |       |       |       |       |       |     1 ||     1
Invok: Evolution         |       |       |     7 |    21 |    23 |     6 |       |       |       ||    57
       Sunlight          |       |       |       |       |    29 |     1 |     2 |       |       ||    32
       Bend Space        |       |       |       |       |       |       |    10 |     4 |    11 ||    25
       Depart the Abyss  |       |       |       |       |       |       |     1 |     1 |     1 ||     3
       Corrupt           |       |       |       |       |       |       |     1 |     2 |     3 ||     6
       Brand Weapon With |       |       |       |       |       |       |     1 |       |       ||     1
       Enter the Abyss   |       |       |       |       |       |       |       |     1 |       ||     1
Evoke: Wand              |       |     1 |       |     2 |     3 |     4 |     4 |    10 |    24 ||    48
  Use: Scroll            |     7 |       |     1 |    11 |    22 |     5 |    16 |     9 |    24 ||    95
       Potion            |     1 |     3 |       |    11 |     5 |     4 |     1 |     4 |     3 ||    32
 Stab: Sleeping          |     1 |       |       |     5 |       |       |       |       |       ||     6
       Confused          |       |       |     2 |    11 |     8 |     4 |     1 |       |       ||    26
       Distracted        |       |       |     3 |     4 |     4 |     1 |     1 |     2 |     3 ||    18
  Eat: Chunk             |     3 |     8 |     3 |     1 |     5 |       |    16 |     1 |       ||    37
       Beef jerky        |       |     1 |       |     2 |     1 |       |       |       |     1 ||     5
       Meat ration       |       |       |     3 |     3 |     5 |     2 |     7 |     9 |     8 ||    37
       Pizza             |       |       |     1 |       |       |       |     1 |     2 |     2 ||     6
       Royal jelly       |       |       |       |     5 |     2 |     2 |     1 |     1 |     3 ||    14
Armor: Robe              |    35 |    56 |    41 |    57 |       |       |       |       |       ||   189
       Skin              |       |    24 |       |   231 |       |       |       |       |       ||   255
       Troll hide        |       |       |       |   107 |    89 |       |       |       |       ||   196
       Fire dragon armou |       |       |       |       |   325 |   258 |   589 |   312 |   189 ||  1673
       Gold dragon armou |       |       |       |       |       |       |       |       |   121 ||   121
Dodge: Dodged            |    99 |   123 |   116 |   210 |   440 |   223 |   546 |   591 |   404 ||  2752
       Deflected         |       |       |       |       |       |     2 |     5 |    37 |     9 ||    53
Block: Shield            |       |    21 |       |   288 |   393 |       |       |       |       ||   702
       Large shield      |       |       |       |       |   244 |   718 |  1996 |  1608 |  1254 ||  5820
